 Dungeon Crawl Stone Soup version 0.30-a0-1066-g63dfefce0d (webtiles) character file.

Game seed: 17191205332793524097

1512 Zeldest the Skirmisher (level 8, -2/40 HPs)
             Began as a Spriggan Hexslinger on Apr 12, 2023.
             Was an Initiate of Qazlal.
             Killed from afar by an orc wizard (9 damage)
             ... with a magic dart
             ... on level 6 of the Dungeon.
             The game lasted 00:19:10 (6562 turns).

Zeldest the Skirmisher (Spriggan Hexslinger)        Turns: 6562, Time: 00:19:11

Health: -2/40      AC:  3    Str:  6    XL:     8   Next: 53%
Magic:  11/11      EV: 21    Int: 17    God:    Qazlal [......]
Gold:   331        SH:  0    Dex: 21    Spells: 8/9 levels left

rFire   . . .      SeeInvis +    a - +2 sling (freeze)
rCold   . . .      Faith    +    (no shield)
rNeg    . . .      Spirit   .    c - +1 robe
rPois   +          Reflect  .    (helmet restricted)
rElec   .          Rampage  .    (no cloak)
rCorr   .                        (gloves unavailable)
Will    +....                    (boots unavailable)
Stlth   ++                       h - amulet of faith
HPRegen 0.26/turn                D - ring of poison resistance
MPRegen 0.12/turn                y - +6 ring of dexterity

@: very quick
A: very small, no large weapons, unfitting armour, see invisible, speed 3
a: Renounce Religion


You were on level 6 of the Dungeon.
You worshipped Qazlal.
Qazlal was noncommittal.
You visited 2 branches of the dungeon, and saw 7 of its levels.

You collected 331 gold pieces.

Inventory:

Hand Weapons
 a - a +2 sling of freezing (weapon)
 b - a +0 dagger of venom
 d - a +0 hand axe of flaming
 q - a +3 dagger
Armour
 c - a +1 robe (worn)
Jewellery
 f - a ring of willpower
 h - an amulet of faith (around neck)
 o - a ring of magical power
 r - a ring of magical power
 y - a +6 ring of dexterity (right hand)
 D - a ring of poison resistance (left hand)
Wands
 E - a wand of flame (14)
 F - a wand of polymorph (7)
Scrolls
 g - a scroll of poison
 i - a scroll of noise
 k - 3 scrolls of blinking
 n - a scroll of teleportation
 p - a scroll of enchant weapon
 t - 3 scrolls of fear
 v - a scroll of enchant armour
 w - a scroll of vulnerability
 x - a scroll of magic mapping {unknown}
Potions
 e - 2 potions of magic {unknown}
 j - 2 potions of lignification {unknown}
 l - a potion of cancellation {unknown}
 m - 6 potions of curing
 s - 2 potions of brilliance {unknown}
 u - 2 potions of berserk rage {unknown}
 z - a potion of resistance
 A - a potion of heal wounds {unknown}
 B - a potion of might {unknown}
 C - a potion of degeneration {unknown}
 G - a potion of mutation {unknown}


   Skills:
 - Level 3.3 Fighting
 * Level 9.3 Ranged Weapons
 - Level 5.9 Dodging
 - Level 1.3 Spellcasting
 - Level 3.6 Hexes
 + Level 0.0 Invocations


You had 8 spell levels left.
You knew the following spells:

 Your Spells              Type           Power      Damage    Failure   Level
a - Slow                  Hex            52%        N/A       4%          1

Your spell library contained the following spells:

 Spells                   Type           Power      Damage    Failure   Level
 Inner Flame              Hex/Fire       7%         N/A       30%         3
 Portal Projectile        Hex/Tloc       14%        N/A       30%         3
 Cause Fear               Hex            6%         N/A       43%         4


Dungeon Overview and Level Annotations

Branches:
Dungeon (6/15) Zot: 26579  Temple (1/1) D:6 Zot: 5883

Altars:
Ashenzari
Cheibriados
Elyvilon
Gozag
Hepliaklqana
Kikubaaqudgha
Makhleb
Nemelex Xobeh
Okawaru
Qazlal
Ru
Sif Muna
Trog
Uskayaw
Vehumet
Wu Jian
Xom
Yredelemnul
Zin
The Shining One

Annotations:
D:2 Natasha


Innate Abilities, Weirdness & Mutations

You are very small and have problems with some larger weapons.
You are too small for most types of armour.
You have supernaturally acute eyesight. (SInv)
You cover ground extremely quickly. (Speed+++)


Message History

There is a glowing silver altar of Zin here.
There is a basalt altar of Yredelemnul here.
There is a glowing silver altar of Zin here.
There is a glowing golden altar of the Shining One here.
There is a shimmering blue altar of Sif Muna here.
There is a radiant altar of Vehumet here.
There is a sparkling altar of Nemelex Xobeh here.
There is a stormy altar of Qazlal here.
You kneel at the altar of Qazlal.
Qazlal welcomes you!
Your amulet flashes!
Qazlal grants you and your divine allies immunity to clouds.
There is a fountain of sparkling water here.
There is a staircase back to the Dungeon here.
You climb upwards.
Welcome back to the Dungeon!
You hear the hiss of flowing sand.
There is an entrance to an ossuary on this level.
Hurry and find it before the portal is buried!
You hear the quick hiss of a very distant avalanche of sand.
There is a staircase to the Ecumenical Temple here.
Okay, then.
There is a fountain of clear blue water here.
Found an escape hatch in the floor.
Found a scroll labelled PEMOSHR QA LAX.
x - a scroll labelled PEMOSHR QA LAX
There is an escape hatch in the floor here.
You open the door.
Found a sedimented silvery potion.
Found a stone staircase leading up.
There is an open door here.
A cyclops comes into view.
The cyclops shouts!
The cyclops throws a large rock.
The large rock hits you!!!
Ouch! That really hurt!
* * * LOW HITPOINT WARNING * * *
There is an open door here.
You close the door.
There is an escape hatch in the floor here.
An orc wizard comes into view. It is wielding a +0 dagger.
The orc wizard casts a spell at you. The magic dart hits you!
You die...

#.....#
#.........#
.....##
#...8.8.8.# ..####
..#..⌠.⌠..# ### #
#.8.>.8.#
#..⌠.⌠...
##.8.8.8..
#########........#
#........#.##..#..
#@######...###....
#.# #.#........
#.# #...#.....#
... ######.....
... ##>### #.###
#.# #. #.# #o
##+## ##<..##


You could see an orc wizard.

Vanquished Creatures
  A black bear (D:3)
  An orc warrior (D:6)
  An ogre (D:2)
  A centaur (D:6)
  3 phantoms (D:4)
  A kobold brigand (D:6)
  A scorpion (D:5)
  3 wights (D:6)
  A jelly (D:5)
  2 vampire bats (D:4)
  2 hounds
  An orc priest (D:6)
  3 orc wizards
  3 iguanas
  Robin (D:2)
  7 gnolls
  4 adders
  A shadow imp (D:5)
  2 ufetubi
  A worm (D:2)
  3 dart slugs
  20 orcs
  3 bat skeletons (D:4)
  2 bat zombies (D:4)
  5 endoplasms
  6 giant cockroaches
  18 goblins
  7 hobgoblins
  5 jackals
  16 kobolds
  4 quokkas
  13 ball pythons
  4 bats
  2 frilled lizards
  7 rats
155 creatures vanquished.

Notes
Turn   | Place    | Note
-------+----------+-------------------------------------------
     0 | D:1      | Zeldest the Spriggan Hexslinger began the quest for the
                  | Orb.
     0 | D:1      | Reached XP level 1. HP: 9/9 MP: 3/3
   172 | D:1      | Reached skill level 1 in Fighting
   199 | D:1      | Reached XP level 2. HP: 14/14 MP: 5/5
   590 | D:1      | Reached XP level 3. HP: 18/18 MP: 6/6
  1017 | D:2      | Noticed Natasha
  1128 | D:2      | Identified the +0 pair of boots of Darkness {Int+4}
  1213 | D:2      | Reached skill level 3 in Ranged Weapons
  1388 | D:2      | Noticed Robin
  1731 | D:2      | Reached XP level 4. HP: 22/22 MP: 7/7
  1753 | D:2      | Killed Robin
  1887 | D:2      | Noticed an ogre
  1923 | D:2      | Killed an ogre
  1924 | D:2      | Reached skill level 4 in Ranged Weapons
  1924 | D:2      | Reached XP level 5. HP: 26/26 MP: 8/8
  2733 | D:3      | Noticed a black bear
  3310 | D:3      | Killed a black bear
  3311 | D:3      | Reached XP level 6. HP: 32/32 MP: 9/9
  3567 | D:4      | Found an ancient bone altar of Kikubaaqudgha.
  3618 | D:5      | Entered Level 5 of the Dungeon
  3693 | D:5      | Reached skill level 5 in Ranged Weapons
  3865 | D:5      | Reached skill level 5 in Dodging
  4180 | D:4      | Reached XP level 7. HP: 32/36 MP: 10/10
  4410 | D:4      | Reached skill level 6 in Ranged Weapons
  4880 | D:4      | Found a shimmering altar of Xom.
  5173 | D:4      | Found an ornate altar of the Wu Jian Council.
  5293 | D:4      | Reached skill level 7 in Ranged Weapons
  5825 | D:6      | Reached XP level 8. HP: 23/40 MP: 11/11
  5902 | D:6      | Noticed a kobold demonologist
  5904 | D:6      | a kobold demonologist changed into a hornet
  5904 | D:6      | Noticed a hornet
  5927 | D:6      | Found an iron altar of Okawaru.
  5952 | D:6      | Reached skill level 8 in Ranged Weapons
  5969 | D:6      | Identified the +7 mace of Wrath {flame, Str+2}
  6184 | D:6      | Reached skill level 9 in Ranged Weapons
  6322 | D:6      | Found a staircase to the Ecumenical Temple.
  6330 | Temple   | Entered the Ecumenical Temple
  6446 | Temple   | Became a worshipper of Qazlal Stormbringer
  6541 | D:6      | Noticed a cyclops
  6562 | D:6      | Killed from afar by an orc wizard

Illustrated notes

Levels and vault maps discovered:
D:1:      nzn_arrival_water_spiral, layout_basic, minmay_splitting_lines,
          nrook_campfire
D:2:      layout_basic, uniq_natasha, uniq_robin
D:3:      layout_basic, hangedman_decor_peaks_small, minmay_fountain_box,
          dk_noncrumbling_4, kennysheep_decorative_pillar,
          minmay_fractal_squares_5
D:4:      layout_loops_ring, marbit_many_paths,
          mainiacjoe_overflow_tiny_flanked, kennysheep_vampire_church
D:5:      layout_basic
D:6:      layout_loops_corners, okawaru_ov_weapons_minmay,
          minmay_temple_entry_statues_fountains, enter_ossuary_3
Temple:   minmay_temple_bridge_d

Skill      XL: |  1  2  3  4  5  6  7  8 |
---------------+-------------------------+-----
Fighting       | 1 2 3 |  3.3
Dodging        | 3 4 5 |  5.9
Ranged Weapons | 3 4 5 7 9 |  9.3
Spellcasting   | |  1.3
Hexes          | |  3.6

Action                     |  1- 3 |  4- 6 |  7- 9 || total
---------------------------+-------+-------+-------++-------
   Fire: Sling             |   138 |   233 |   319 ||   690
   Cast: Slow              |     5 |    27 |     6 ||    38
  Evoke: Wand              |       |       |     1 ||     1
    Use: Scroll            |       |       |    12 ||    12
         Potion            |       |       |     2 ||     2
 Armour: Robe              |     4 |    25 |     4 ||    33
  Dodge: Dodged            |    34 |   174 |    74 ||   282

Table legend: (Time is in decaauts)
 A = Elapsed time spent in this place.
 B = Non-inter-level travel time spent in this place.
 C = Inter-level travel time spent in this place.
 D = Time resting spent in this place.
 E = Time spent auto-exploring this place.
 F = Levels seen in this place.
 G = Mean time per level.
                   A        B        C        D        E       F      G
               +--------+--------+--------+--------+--------+-----+--------+
         Total |   4703 |   4499 |    204 |    767 |   1897 |   7 |  671.9 |
       Dungeon |   4587 |   4446 |    141 |    767 |   1863 |   6 |  764.5 |
        Temple |    116 |     53 |     63 |      0 |     33 |   1 |  116.0 |
               +--------+--------+--------+--------+--------+-----+--------+

Top non-repeatable levels by time:
     D:4: 959 daAuts
     D:2: 923 daAuts
     D:3: 818 daAuts
     D:1: 752 daAuts
     D:5: 714 daAuts
     D:6: 420 daAuts
  Temple: 116 daAuts
